 Dungeon Crawl Stone Soup version 0.25.1-8-g42b30a86e7 (webtiles) character file.

Game seed: 8625618699617476622

237 Clowwww the Skirmisher (level 5, -3/42 HPs)
             Began as a Demonspawn Fighter on Dec 20, 2020.
             Slain by Duvessa
             ... wielding a +0 short sword
              (9 damage)
             ... on level 4 of the Dungeon.
             The game lasted 00:05:12 (3308 turns).

Clowwww the Skirmisher (Demonspawn Fighter)         Turns: 3308, Time: 00:05:12

Health: -3/42      AC:  7    Str: 17    XL:     5   Next: 77%
Magic:  5/5        EV:  7    Int:  9    God:
Gold:   173        SH:  9    Dex: 13    Spells: 4/4 levels left

rFire    . . .     SeeInvis .   a - +0 war axe
rCold    . . .     Gourm    .   c - +0 kite shield
rNeg     . . .     Faith    .   b - +0 scale mail
rPois    .         Spirit   .   (helmet restricted)
rElec    .         Reflect  .   (no cloak)
rCorr    .         Harm     .   (no gloves)
MR       .....                  (no boots)
Stlth    ..........             (no amulet)
HPRegen  0.14/turn              o - ring of wizardry
MPRegen  0.09/turn              (no ring)

@: mighty
A: horns 2
a: no special abilities


You were on level 4 of the Dungeon.
You were not hungry.

You visited 1 branch of the dungeon, and saw 4 of its levels.

You collected 173 gold pieces.

Inventory:

Hand Weapons
 a - a +0 war axe (weapon)
Armour
 b - a +0 scale mail (worn)
 c - a +0 kite shield (worn)
Jewellery
 o - a ring of wizardry (left hand)
Scrolls
 e - 5 scrolls of identify {unknown}
 h - 3 scrolls of remove curse {unknown}
 i - a scroll of noise {unknown}
 k - a scroll of random uselessness {unknown}
 n - a scroll of teleportation {unknown}
 q - a scroll of magic mapping {unknown}
Potions
 g - a potion of flight {unknown}
 j - 2 potions of haste {unknown}
 l - a potion of curing {unknown}
 p - a potion of heal wounds {unknown}
Comestibles
 f - 5 rations
 m - 4 chunks of flesh


   Skills:
 + Level 3.7 Fighting
 + Level 3.5 Axes
 + Level 3.7 Armour
 + Level 0.7 Dodging
 + Level 0.2 Stealth
 + Level 3.6 Shields


You had 4 spell levels left.
You didn't know any spells.
Your spell library was empty.

Dungeon Overview and Level Annotations

Branches:
Dungeon (4/15)
 Temple: D:4-7

Altars:
Elyvilon
Kikubaaqudgha
Xom
Zin

Annotations:
D:4 Duvessa


Innate Abilities, Weirdness & Mutations

You have a pair of horns on your head.


Message History

Dowan blinks!
Duvessa hits you with a +0 short sword.
You hit Duvessa. Your headbutt misses Duvessa.
Duvessa is lightly wounded.
Duvessa hits you with a +0 short sword. Duvessa hits you with a +0 short sword!
* * * LOW HITPOINT WARNING * * *
Dowan barely misses you.
Unknown command.
You feel very mighty all of a sudden. Dowan hits you but does no damage.
Duvessa hits you with a +0 short sword.
* * * LOW HITPOINT WARNING * * *
You slash Duvessa!
Duvessa is heavily wounded.
You slash Dowan!
You kill Dowan!
Duvessa weeps, then rights herself and shakes her weapon.
Duvessa goes berserk!
You block Duvessa's attack. Duvessa barely misses you.
Your shield and scale mail prevent you from hitting Duvessa.
Duvessa is heavily wounded.
You block Duvessa's attack. Duvessa hits you with a +0 short sword!
You die...

####
..####
♣....#
♣....#
♣<...#
♣..).#
♣..@.#
♣..e.#
♣.....#
♣.......
♣....##.#
♣....#
..#
..#### .#
### #


You could see Duvessa (berserk).

Vanquished Creatures
  Dowan (D:4)
  A vampire bat (D:3)
  A gnoll (D:3)
  4 adders
  An ooze (D:4)
  5 worms
  A dart slug (D:1)
  2 leopard geckos
  An orc (D:3)
  3 bat skeletons (D:3)
  4 bat zombies (D:3)
  3 giant cockroaches (D:3)
  5 goblins
  11 hobgoblins
  7 jackals
  7 bats
  4 frilled lizards
  8 kobolds
  8 rats
77 creatures vanquished.

Notes
Turn   | Place    | Note
-------+----------+-------------------------------------------
     0 | D:1      | Clowwww the Demonspawn Fighter began the quest for the Orb.
     0 | D:1      | Reached XP level 1. HP: 18/18 MP: 1/1
   328 | D:1      | Gained mutation: You have a pair of small horns on your
                  | head. [demonic ancestry]
   328 | D:1      | Reached XP level 2. HP: 24/24 MP: 2/2
   793 | D:2      | Reached XP level 3. HP: 27/29 MP: 3/3
  1423 | D:2      | Found an iron altar of Okawaru.
  1425 | D:2      | Found a stormy altar of Qazlal.
  1425 | D:2      | Found a glowing silver altar of Zin.
  1427 | D:2      | Found an ornate altar of the Wu Jian Council.
  1427 | D:2      | Found a shimmering altar of Xom.
  1427 | D:2      | Found a shimmering altar of Xom.
  1816 | D:3      | Gained mutation: You have a pair of horns on your head.
                  | [demonic ancestry]
  1816 | D:3      | Reached XP level 4. HP: 35/35 MP: 4/4
  2985 | D:3      | Found an ancient bone altar of Kikubaaqudgha.
  3007 | D:3      | Reached XP level 5. HP: 34/41 MP: 5/5
  3177 | D:3      | Found a white marble altar of Elyvilon.
  3296 | D:4      | Noticed Duvessa
  3296 | D:4      | Noticed Dowan
  3307 | D:4      | Killed Dowan
  3308 | D:4      | Slain by Duvessa

Illustrated notes

Levels and vault maps discovered:
D:1:      lemuel_arrival_broad_hall, layout_loops_ring, minmay_misc_feat_rows,
          kennysheep_minor_cross
D:2:      layout_rooms, doesnt_xom_only_xom
D:3:      layout_loops_ring, nicolae_overflow_hidden_temple,
          kennysheep_vampire_church, minmay_strange_pillars,
          kennysheep_another_room, grunt_decor_cap, minmay_misc_feat_chi,
          minmay_pentangle
D:4:      layout_rooms, bloody_trog, cheibrodos_sewer_entry_bend, serial_forest,
          infiniplex_forest_lined_4_way, infiniplex_forest_straight_4,
          infiniplex_forest_clump_small, infiniplex_forest_straight_5,
          infiniplex_forest_clump_tiny, infiniplex_forest_straight_4,
          first_ration, serial_bayou_crossing, uniq_duvessa, uniq_eustachio

Skill      XL: |  1  2  3  4 |
---------------+-------------+-----
Armour         | 3 |  3.7
Axes           | 2 3 |  3.5
Shields        | 3 |  3.6
Fighting       | |  3.7
Dodging        | |  0.7
Stealth        | |  0.2

Action                   |  1- 3 |  4- 6 || total
-------------------------+-------+-------++-------
Melee: War axe           |    94 |    97 ||   191
       Headbutt          |     6 |    19 ||    25
  Use: Potion            |       |     1 ||     1
  Eat: Chunk             |     3 |     5 ||     8
Armor: Scale mail        |    45 |    60 ||   105
Dodge: Dodged            |    23 |    52 ||    75
Block: Kite shield       |    45 |    61 ||   106
